 Dungeon Crawl Stone Soup version 0.20-a0-432-g25cc1b4 (webtiles) character file.

19378 mopl the Severer (level 12, -2/110 HPs)
             Began as a Hill Orc Wanderer on Jan 2, 2017.
             Was a Follower of Beogh.
             Slain by a two-headed ogre
             ... wielding a +0 giant club
              (15 damage)
             ... while paralysed by an orc sorcerer
             ... on level 1 of the Orcish Mines.
             The game lasted 00:27:14 (14401 turns).

mopl the Severer (Hill Orc Wanderer)               Turns: 14401, Time: 00:27:14

Health: -2/110     AC: 26    Str: 19    XL:     12   Next: 68%
Magic:  12/12      EV:  2    Int: 10    God:    Beogh [*.....]
Gold:   513        SH:  0    Dex: 13    Spells: 11/11 levels left

rFire  . . .     SeeInvis .     F - +5 demon whip (freeze)
rCold  + . .     Gourm    .     E - +0 crystal plate armour {rC+}
rNeg   + . .     Faith    .     (no shield)
rPois  +         Spirit   .     q - +0 hat of Tubi {rPois rN+}
rElec  .         Reflect  .     i - +0 cloak
rCorr  +         Harm     .     B - +0 pair of gloves
MR     .....                    C - +0 pair of boots
Stlth  ..........               (no amulet)
                                I - ring of resist corrosion
                                o - ring of poison resistance

@: paralysed, slowed
A: no striking features
a: Renounce Religion


You were on level 1 of the Orcish Mines.
You worshipped Beogh.
Beogh was aware of your devotion.
You were hungry.

You visited 2 branches of the dungeon, and saw 13 of its levels.
You also visited: Ice Cave.

You collected 900 gold pieces.
You spent 387 gold pieces at shops.

Inventory:

Hand Weapons
 a - a +0 hand axe of draining
 b - a +0 war axe
 s - the +3 mace of Variability {chaos}
   (You found it on level 8 of the Dungeon)

   Each time it hits an enemy it has a different, random effect.
 F - a +5 demon whip of freezing (weapon)
 G - a +2 scythe of freezing
 J - a +0 lajatang
 S - a +0 scimitar of flaming
Missiles
 p - 143 bolts
 v - a throwing net
 A - 21 tomahawks (quivered)
Armour
 i - a +0 cloak (worn)
 q - the +0 hat of Tubi (worn) {rPois rN+}
   (You found it in an ice cave)

   It protects you from poison.
   It protects you from negative energy.
 y - the +2 plate armour "Paott" {Str+3}
   (You found it in an ice cave)

   It affects your strength (+3).
 z - a +0 buckler of cold resistance
 B - a +0 pair of gloves (worn)
 C - a +0 pair of boots (worn)
 E - a +0 crystal plate armour of cold resistance (worn)
Jewellery
 o - a ring of poison resistance (left hand)
 I - a ring of resist corrosion (right hand)
Wands
 K - a wand of disintegration (6/24)
Scrolls
 e - 4 scrolls of fog
 g - 5 scrolls of remove curse {unknown}
 k - 2 scrolls of noise {unknown}
 l - 4 scrolls of recharging {unknown}
 m - 4 scrolls of enchant weapon {unknown}
 n - 5 scrolls of identify
 r - 3 scrolls of magic mapping {unknown}
 t - 4 scrolls of teleportation {unknown}
 u - a scroll of summoning {unknown}
 w - 2 scrolls of amnesia {unknown}
 x - a scroll of blinking {unknown}
 L - a scroll of vulnerability {unknown}
 N - a scroll of acquirement {unknown}
 O - a scroll of enchant armour {unknown}
Potions
 c - 5 potions of curing
 j - a potion of agility
 D - a potion of haste {unknown}
 H - a potion of ambrosia
 M - a potion of brilliance
 P - a potion of cancellation
 R - 3 potions of heal wounds
Books
 d - a book of Misfortune

   Spells                             Type                      Level
   a - Confusing Touch                Hexes                        1
   b - Confuse                        Hexes                        3
   c - Gell's Gravitas                Hexes/Translocation          3
   d - Petrify                        Transmutation/Earth          4
   e - Metabolic Englaciation         Hexes/Ice                    5
   f - Yara's Violent Unravelling     Hexes/Transmutation          5
 Q - a book of Callings

   Spells                             Type                      Level
   a - Summon Small Mammal            Summoning                    1
   b - Call Imp                       Summoning                    2
   c - Call Canine Familiar           Summoning                    3
   d - Summon Guardian Golem          Hexes/Summoning              3
   e - Summon Lightning Spire         Summoning/Air                4
   f - Summon Ice Beast               Ice/Summoning                4
Comestibles
 f - 6 bread rations


   Skills:
 - Level 11.4 Fighting
 * Level 17.9(18.0) Axes
 - Level 2.1(10.6) Polearms
   Level 1.0 Bows
 - Level 1.0 Throwing
 + Level 11.9 Armour
 - Level 1.0 Stealth


You had 11 spell levels left.
You didn't know any spells.

Dungeon Overview and Level Annotations

Branches:
Dungeon (11/15)            Temple (0/1) D:5            Lair (0/6) D:11
    Orc (2/2) D:10            Elf (0/3) Orc:2

Altars:
Cheibriados
Elyvilon
Fedhas
Kikubaaqudgha
Nemelex Xobeh
Vehumet
Xom
The Shining One

Shops:
D:5 *!   D:7 [   D:11 *   Orc:1 !


Message History

The ogre mage hits you but does no damage.
The two-headed ogre hits you but does no damage.
The two-headed ogre hits you with a giant spiked club.
The orc sorcerer gestures at you while chanting.
You suddenly lose the ability to move!
The ogre mage mumbles some strange words.
The two-headed ogre hits you with a giant club!
* * * LOW HITPOINT WARNING * * *
The two-headed ogre hits you with a giant club!
* * * LOW HITPOINT WARNING * * *
The orc hits you but does no damage.
The two-headed ogre hits you with a dire flail of protection.
* * * LOW HITPOINT WARNING * * *
The two-headed ogre hits you but does no damage.
The ogre mage hits you.
* * * LOW HITPOINT WARNING * * *
The orc sorcerer hits you but does no damage.
The ogre mage hits you but does no damage.
The two-headed ogre hits you with a giant club!
You die...

...####.......#
....#.#....#.##
....##...######
...)#.........##
#..)...........##
...).).)........###
#..#.......##).)..##
...##.....#.#..OO§.##
..#####...####.§@O..#
....##......#)[o§o.##
#....#..#..[......##
#.......#........##
#.......#.......##
#........#....###
....#.....#...#
....###....####
.#####......#


You could see 2 two-headed ogres, an ogre mage, an orc sorcerer and an orc.

Vanquished Creatures
  Snorg (Orc:1)
  Erica (Orc:1)
  The ghost of mopl the Cleaver, a novice HOWn of Beogh (D:9)
  3 two-headed ogres
  Nergalle (Orc:1)
  An ugly thing (D:8)
  An orc sorcerer (Orc:1)
  Joseph (D:8)
  2 ice statues (IceCv)
  2 rime drakes (D:11)
  10 ice devils (IceCv)
  A troll (D:11)
  Grinder (D:5)
  Prince Ribbit (D:8)
  A wraith (D:10)
  16 yaks
  2 chaos spawn (D:8)
  2 hungry ghosts
  Menkaure (D:7)
  A warg (Orc:2)
  A water moccasin (D:6)
  4 ice beasts
  3 porcupines (D:11)
  2 phantoms
  4 sky beasts
  8 orc warriors
  A black bear (D:8)
  15 ogres
  2 centaurs
  A crocodile (D:9)
  9 bullfrogs
  A wyvern zombie (D:7)
  2 scorpions
  3 wights (D:6)
  6 howler monkeys
  6 crimson imps
  3 centaur zombies
  A bullfrog zombie (D:5)
  An orc priest (Orc:1)
  2 jellies
  4 hounds
  2 centaur skeletons (D:11)
  3 iguanas
  Ijyb (D:2)
  6 orc wizards
  5 worker ants
  A killer bee zombie (D:9)
  8 gnolls
  A howler monkey skeleton (D:7)
  11 adders
  8 white imps (IceCv)
  5 ufetubi (IceCv)
  An ooze (D:4)
  2 adder zombies
  An adder skeleton (D:7)
  4 worms
  3 leopard geckos
  32 orcs
  A ball python (D:1)
  4 bats
  5 giant cockroaches
  9 goblins
  8 hobgoblins
  7 jackals
  7 kobolds
  A quokka (D:5)
  8 frilled lizards
  A jackal zombie (D:6)
  A quokka skeleton (D:5)
  7 rats
  A plant (D:2)
283 creatures vanquished.

Vanquished Creatures (others)
  A reaper (IceCv)
  The ghost of N00B the Severer, a journeyman HOFi of Beogh (IceCv)
  An orc warrior (Orc:2)
  An orc priest (Orc:2)
  An orc wizard (Orc:2)
  4 white imps (IceCv)
  3 ufetubi (IceCv)
  3 orcs (Orc:2)
15 creatures vanquished.

Grand Total: 298 creatures vanquished

Notes
Turn   | Place    | Note
-------+----------+-------------------------------------------
     0 | D:1      | mopl the Hill Orc Wanderer began the quest for the Orb.
     0 | D:1      | mopl set off with: a +2 scale mail, a potion of lignification {!q}, a potion of curing, a +0 club, a bread ration
     0 | D:1      | Reached XP level 1. HP: 18/18 MP: 1/1
   126 | D:1      | Reached XP level 2. HP: 21/25 MP: 2/2
   278 | D:1      | Reached skill level 1 in Axes
   441 | D:1      | Reached skill level 3 in Fighting
   528 | D:2      | Reached XP level 3. HP: 27/31 MP: 3/3
   637 | D:1      | Reached skill level 2 in Axes
   637 | D:1      | Reached skill level 4 in Armour
   824 | D:2      | Reached XP level 4. HP: 31/38 MP: 4/4
   883 | D:2      | Reached skill level 3 in Axes
  1217 | D:2      | Noticed Ijyb
  1241 | D:2      | Killed Ijyb
  1241 | D:2      | Reached XP level 5. HP: 44/46 MP: 5/5
  1370 | D:2      | Reached skill level 4 in Axes
  1707 | D:3      | Found a sparkling altar of Nemelex Xobeh.
  2112 | D:3      | Reached skill level 4 in Fighting
  2385 | D:4      | Found an ancient bone altar of Kikubaaqudgha.
  2388 | D:4      | Found a white marble altar of Elyvilon.
  2391 | D:4      | Found a radiant altar of Vehumet.
  2480 | D:4      | Reached XP level 6. HP: 11/52 MP: 6/6
  2733 | D:4      | Reached skill level 5 in Axes
  2733 | D:4      | Reached skill level 5 in Armour
  3188 | D:4      | Reached XP level 7. HP: 40/60 MP: 7/7
  3200 | D:4      | Reached skill level 6 in Axes
  3267 | D:4      | Reached skill level 5 in Fighting
  3480 | D:4      | Found a snail-covered altar of Cheibriados.
  3576 | D:5      | Entered Level 5 of the Dungeon
  3576 | D:5      | Noticed Grinder
  3635 | D:5      | Killed Grinder
  3635 | D:5      | Reached skill level 7 in Axes
  3857 | D:5      | Reached XP level 8. HP: 51/70 MP: 8/8
  3872 | D:5      | Reached skill level 6 in Armour
  3975 | D:5      | Reached skill level 6 in Fighting
  3975 | D:5      | Reached skill level 8 in Axes
  4002 | D:5      | Found a staircase to the Ecumenical Temple.
  4109 | D:5      | Found Vegrulaw's Distillery.
  4135 | D:5      | Bought a potion of heal wounds for 70 gold pieces
  4135 | D:5      | Bought a potion of agility for 56 gold pieces
  4289 | D:5      | Found a glowing golden altar of the Shining One.
  4323 | D:5      | Found Ojizeiha's General Store.
  4331 | D:5      | Bought 2 potions of degeneration for 24 gold pieces
  4331 | D:5      | Bought a scroll of random uselessness for 12 gold pieces
  4385 | D:5      | Found a shimmering altar of Xom.
  4387 | D:5      | Found an iron altar of Okawaru.
  4387 | D:5      | Found a burning altar of Makhleb.
  4389 | D:5      | Found a hide-covered altar of Uskayaw.
  4389 | D:5      | Found a hazy altar of Hepliaklqana.
  4389 | D:5      | Found a hide-covered altar of Uskayaw.
  4635 | D:6      | Reached skill level 9 in Axes
  4800 | D:5      | Reached skill level 7 in Fighting
  4904 | D:6      | Reached skill level 7 in Armour
  4904 | D:6      | Reached XP level 9. HP: 60/79 MP: 9/9
  4930 | D:6      | Reached skill level 10 in Axes
  5585 | D:7      | Reached skill level 11 in Axes
  5765 | D:7      | Reached skill level 8 in Fighting
  6009 | D:7      | Found Gicu's Antique Armour Shoppe.
  6024 | D:7      | Reached skill level 8 in Armour
  6025 | D:7      | Noticed Menkaure
  6041 | D:7      | Killed Menkaure
  6283 | D:8      | Reached skill level 12 in Axes
  6290 | D:8      | Reached XP level 10. HP: 54/90 MP: 10/10
  6579 | D:8      | Reached skill level 9 in Fighting
  6622 | D:8      | Noticed Prince Ribbit
  6639 | D:8      | Noticed a red ugly thing
  6642 | D:8      | Killed Prince Ribbit
  6667 | D:8      | Killed a red ugly thing
  7109 | D:8      | Noticed Joseph
  7145 | D:8      | Killed Joseph
  7145 | D:8      | Reached skill level 13 in Axes
  7145 | D:8      | Reached skill level 9 in Armour
  7448 | D:8      | Found a shimmering altar of Xom.
  7531 | D:8      | Found a blossoming altar of Fedhas.
  7804 | D:9      | Noticed mopl's ghost (novice HOWn)
  8061 | D:9      | Killed mopl's ghost
  8334 | D:9      | Reached skill level 10 in Fighting
  8383 | D:9      | Reached skill level 14 in Axes
  8396 | D:9      | Reached XP level 11. HP: 33/99 MP: 11/11
  8427 | D:9      | HP: 4/100 [yak (8)]
  8787 | D:9      | Noticed a two-headed ogre
  8808 | D:9      | Killed a two-headed ogre
  9037 | D:9      | You fall through a shaft for 2 floors!
  9069 | D:11     | Reached skill level 10 in Armour
  9072 | D:11     | Found Paagadonk's General Store.
  9172 | D:11     | Reached skill level 15 in Axes
  9246 | D:11     | Found a frozen archway.
  9389 | IceCv    | Entered an ice cave
  9419 | IceCv    | Killed N00B's ghost
  9481 | IceCv    | Killed a reaper
 10648 | IceCv    | Reached skill level 11 in Fighting
 10983 | IceCv    | Got a fine hat
 10992 | IceCv    | Identified the +0 hat of Tubi {rPois rN+} (You found it in an ice cave)
 11794 | IceCv    | Reached skill level 16 in Axes
 12276 | IceCv    | Got a scorched plate armour
 12429 | IceCv    | Identified the +2 plate armour "Paott" {Str+3} (You found it in an ice cave)
 12506 | D:11     | Reached XP level 12. HP: 110/110 MP: 12/12
 12552 | D:11     | Found a staircase to the Lair.
 12561 | D:11     | Reached skill level 11 in Armour
 12619 | D:10     | Entered Level 10 of the Dungeon
 12650 | D:10     | Found a staircase to the Orcish Mines.
 12713 | Orc:1    | Entered Level 1 of the Orcish Mines
 12741 | Orc:1    | Found Mysaj's Distillery.
 12763 | Orc:1    | Bought a potion of heal wounds for 75 gold pieces
 12763 | Orc:1    | Bought a potion of heal wounds for 75 gold pieces
 12763 | Orc:1    | Bought a potion of heal wounds for 75 gold pieces
 12795 | Orc:1    | Noticed Snorg
 12821 | Orc:1    | Killed Snorg
 12851 | Orc:1    | Reached skill level 17 in Axes
 12988 | Orc:1    | Noticed Erica
 12999 | Orc:1    | Killed Erica
 13034 | Orc:1    | You fall through a shaft!
 13034 | Orc:2    | Entered Level 2 of the Orcish Mines
 13034 | Orc:2    | Found a staircase to the Elven Halls.
 13040 | Orc:2    | Became a worshipper of Beogh the Brigand
 13077 | Orc:1    | Noticed Nergalle
 13106 | Orc:1    | Killed Nergalle
 13677 | Orc:2    | Reached * piety under Beogh
 13766 | Orc:2    | Noticed a two-headed ogre
 13781 | Orc:2    | Noticed an ogre mage
 13783 | Orc:2    | Noticed a two-headed ogre
 13799 | Orc:1    | Killed a two-headed ogre
 14091 | Orc:2    | Noticed a two-headed ogre
 14097 | Orc:1    | Killed a two-headed ogre
 14310 | Orc:2    | Noticed a two-headed ogre
 14391 | Orc:2    | Paralysed by an ogre mage for 6 turns
 14396 | Orc:2    | Noticed a two-headed ogre
 14399 | Orc:1    | Paralysed by an orc sorcerer for 7 turns
 14401 | Orc:1    | Slain by a two-headed ogre

Vault maps used:
D:1:      dpeg_arrival_rooms_with_view
D:2:      serial_forest, infiniplex_forest_corner_2,
          infiniplex_forest_side_room, infiniplex_forest_lined_2,
          infiniplex_forest_straight_3, infiniplex_forest_straight_1,
          infiniplex_forest_zigzag_1, uniq_iyjb
D:3:      solitary_fountain, nemelex_xobeh_ov_fountains_minmay
D:4:      grunt_temple_overflow_diamond, cheibriados_altar_1, first_bread,
          hangedman_abyss_or_decor_lesser_grid
D:5:      tso_oasis_becter, serial_shops, shop, shop, doesnt_xom_only_xom,
          uniq_grinder
D:7:      minmay_shop_grid_forest, minmay_misc_feat_hallway, uniq_menkaure
D:8:      fedhas_altar_1, minmay_guarded_unrand_variability,
          uniq_prince_ribbit1, uniq_joseph
D:9:      yredelemnul_altar_generic, serial_glass, glass_columns_b,
          glass_columns_c, tgw_kikubaaqudgha
D:10:     orc_0_dummy
D:11:     grunt_lair_entry_orc_guard_hut, serial_shops, kennysheep_little_box,
          portal_ice_cave_rime, grunt_tengu_nest
Orc:1:    serial_shops, nicolae_shop_waterfront, uniq_snorg, uniq_nergalle,
          uniq_erica
Orc:2:    st_orc_mages, mines5_lemuel
IceCv:    ice_cave_small_demon

Skill      XL: |  1  2  3  4  5  6  7  8  9 10 11 12 |
---------------+-------------------------------------+-----
Axes           | 1 2 3 4 5 7 9 12 14 16 17 | 17.9
Fighting       | 3 4 5 7 8 10 11 | 11.4
Armour         | 4 5 7 8 9 10 11 | 11.9
Polearms       | |  2.1
Bows           | |  1.0
Throwing       | |  1.0
Stealth        | |  1.0

Action                   |  1- 3 |  4- 6 |  7- 9 | 10-12 || total
-------------------------+-------+-------+-------+-------++-------
Melee: Club              |    34 |       |       |       ||    34
       Hand axe          |    72 |   275 |   371 |   308 ||  1026
       War axe           |       |       |   105 |   371 ||   476
       Demon whip        |       |       |       |   247 ||   247
Throw: Tomahawk          |       |       |     2 |     5 ||     7
Invok: Convert to Beogh  |       |       |       |     1 ||     1
Evoke: Wand              |       |       |     3 |     2 ||     5
       Sack of spiders   |       |       |       |     8 ||     8
  Use: Potion            |       |     1 |       |     9 ||    10
       Scroll            |       |       |       |     5 ||     5
 Stab: Invisible         |       |       |       |     9 ||     9
       Held in net/web   |       |       |       |     4 ||     4
  Eat: Chunk             |       |     8 |     9 |    12 ||    29
       Beef jerky        |       |       |     3 |       ||     3
       Pizza             |       |       |     1 |       ||     1
       Bread ration      |       |       |       |     3 ||     3
       Meat ration       |       |       |       |     1 ||     1
Armor: Scale mail        |    42 |   105 |   228 |   189 ||   564
       Skin              |       |       |       |    51 ||    51
       Crystal plate arm |       |       |       |   175 ||   175
Dodge: Dodged            |    59 |    79 |   177 |   207 ||   522
Block: Buckler           |       |       |       |    11 ||    11
